AoeStats
← wdimateo

Arena

509760429Analyzed
2v2 RM · 4d ago on Sep 27, 2026· 49m 51s· 4 players
Game mode
Random Map
Map size
Medium (4 player)
Population
200
Speed
Normal
Resources
Standard
Victory
Conquest
Starting age
Dark Age
Ending age
Imperial Age
RankedLock teamsTeams togetherTeam positionsShared explorationLock speedFull tech treeHidden civsTurbo modeCheats
Victory
Defeat
🇧🇷 Varangians · Brazil
1060
+17
🇧🇷 Magyars · Brazil
1059
+18
🇪🇨 Khmer · Ecuador
1108
-18
🇨🇱 Danes · Chile
1085
-17
Tha Chilenman
10:11 Feudal Age
15:41 Castle Age
14:16 Scale Mail Armor
15:27 Double-Bit Axe
15:25 Horse Collar
17:21 Fletching
21:52 Squires
24:39 Bodkin Arrow
25:19 Chain Mail Armor
28:15 Padded Archer Armor
29:29 Bow Saw
28:51 Crossbowman
29:37 Thumb Ring
31:42 Ballistics
31:29 Loom
32:24 Wheelbarrow
33:42 Gold Mining
37:05 Imperial Age
37:16 Masonry
Gamezbold69
10:06 Loom
11:54 Feudal Age
16:05 Castle Age
14:50 Double-Bit Axe
15:16 Horse Collar
18:57 Pikeman
21:27 Ballistics
22:02 Scale Mail Armor
26:45 Husbandry
26:57 Bloodlines
31:43 Forging
31:42 Heavy Plow
32:42 Padded Archer Armor
35:52 Fortified Wall
39:46 Imperial Age
37:22 Gold Mining
42:03 Chemistry
41:09 Siege Engineers
46:39 Elite Ballista Elephant
46:47 Elite Ballista Elephant
47:48 Conscription
48:00 Double Crossbow
wdimateo
10:02 Feudal Age
10:57 Loom
14:40 Castle Age
13:02 Horse Collar
14:47 Double-Bit Axe
32:24 Imperial Age
33:59 Wheelbarrow
34:34 Scale Barding Armor
38:29 Forging
39:43 Chain Barding Armor
40:00 Iron Casting
40:12 Husbandry
40:23 Bloodlines
39:42 Cavalier
41:31 Conscription
45:43 Plate Barding Armor
48:23 Blast Furnace
mano
11:27 Feudal Age
13:35 Double-Bit Axe
13:31 Horse Collar
16:30 Castle Age
16:00 Stone Mining
19:05 Bow Saw
20:45 Heavy Plow
22:38 Gold Mining
23:21 Fletching
27:20 Wheelbarrow
29:26 Hand Cart
28:57 Loom
35:58 Imperial Age
33:46 Town Watch
35:16 Husbandry
35:27 Bloodlines
34:44 Light Cavalry
36:54 Scale Barding Armor
37:23 Bodkin Arrow
37:05 Cavalier
40:53 Gold Shaft Mining
41:41 Parthian Tactics
41:23 Thumb Ring
43:18 Chemistry
42:27 Siege Engineers
44:01 Elite Skirmisher
45:39 Chain Barding Armor
45:21 Bracer
46:03 Conscription
46:20 Corvinian Army
47:26 Recurve Bow
47:05 Elite Magyar Huszar
49:06 Paladin
Connection lost

Rejoining the realm…

Still unreachable

The connection could not be restored.

Session expired

The server has moved on; the page needs a fresh start.